 Dungeon Crawl Stone Soup version 0.29.1-13-g9f3cf754e1 (webtiles) character file.

Game seed: 13008406095989363926

51 DemonSlayer the Digger (level 3, -6/24 HPs)
             Began as a Demonspawn Earth Elementalist on Jan 25, 2023.
             Mangled by Sigmund
             ... wielding a +0 scythe
              (9 damage)
             ... on level 2 of the Dungeon.
             The game lasted 00:02:45 (1679 turns).

DemonSlayer the Digger (DsEE)                       Turns: 1679, Time: 00:02:45

Health: -6/24      AC:  2    Str: 10    XL:     3   Next: 58%
Magic:  4/6        EV: 12    Int: 16    God:
Gold:   38         SH:  0    Dex: 13    Spells: 6/7 levels left

rFire   . . .      SeeInvis .   (no weapon)
rCold   . . .      Faith    .   (no shield)
rNeg    + . .      Spirit   .   a - +0 robe
rPois   .          Reflect  .   (helmet restricted)
rElec   .          Harm     .   (no cloak)
rCorr   .          Rampage  .   (no gloves)
Will    .....                   (no boots)
Stlth   ++........              (no amulet)
HPRegen 0.08/turn               c - ring of positive energy
MPRegen 0.10/turn               (no ring)

@: no status effects
A: horns 2
a: no special abilities


You were on level 2 of the Dungeon.
You visited 1 branch of the dungeon, and saw 2 of its levels.

You collected 38 gold pieces.

Inventory:

Armour
 a - a +0 robe (worn)
Jewellery
 c - a ring of positive energy (left hand)
 f - a ring of protection from cold
Scrolls
 b - 2 scrolls of poison {unknown}
 d - a scroll of silence {unknown}
 g - a scroll of enchant armour {unknown}


   Skills:
 + Level 0.1 Fighting
 + Level 2.1 Dodging
 + Level 2.0 Stealth
 + Level 2.5 Spellcasting
 + Level 0.8 Transmutations
 + Level 3.5 Earth Magic


You had 6 spell levels left.
You knew the following spells:

 Your Spells              Type           Power      Damage    Failure   Level
a - Sandblast             Erth           26%        2d8       4%          1

Your spell library contained the following spells:

 Spells                   Type           Power      Damage    Failure   Level
 Passwall                 Tmut/Erth      7%         N/A       12%         2
 Stone Arrow              Conj/Erth      14%        3d7       28%         3
 Petrify                  Tmut/Erth      9%         N/A       63%         4
 Summon Ice Beast         Ice/Summ       2%         N/A       89%         4
 Summon Mana Viper        Hex/Summ       2%         N/A       99%         5
 Monstrous Menagerie      Summ           1%         N/A       100%        7


Dungeon Overview and Level Annotations

Branches:
Dungeon (2/15)

Altars:

Annotations:
D:2 Sigmund


Innate Abilities, Weirdness & Mutations

You have a pair of horns on your head.


Message History

Sigmund casts a spell at you. The magic dart hits you!
* * * LOW HITPOINT WARNING * * *
Sigmund gestures at you while chanting. The magic dart hits you.
* * * LOW HITPOINT WARNING * * *
Your transformation is almost over.
Sigmund points at you and mumbles some strange words.
You are confused.
Sigmund gestures at you while chanting. You resist with significant effort.
You bump into the rock wall.
You condense into your normal self.
Your +0 robe unmelds from your body.
Your ring of positive energy unmelds from your body.
Sigmund zaps a wand.
You turn into an insubstantial wisp.
Your +0 robe melds into your body.
Your ring of positive energy melds into your body.
You feel less confused. Sigmund casts a spell at you.
The puff of flame misses you.
Sigmund points at you and mumbles some strange words.
The puff of flame hits you. You resist.
* * * LOW HITPOINT WARNING * * *
You are starting to lose your buoyancy.
Your transformation is almost over.
Sigmund is nearby!
You see here 3 stones.
You see here 3 stones.
Sigmund barely misses you.
You condense into your normal self.
Your +0 robe unmelds from your body.
Your ring of positive energy unmelds from your body.
Casting: Sandblast (safe; 4% risk of failure)
Confirm with . or Enter, or press ? or * to list all spells.
Aiming: Sandblast (safe; 4% risk of failure)
Press: ? - help, Shift-Dir - straight line, f/p - Sigmund
Aim: Sigmund, wielding a +0 scythe, wearing a +0 robe and carrying a wand of polymorph (5) (heavily wounded, 80% to hit)
The blast of sand misses Sigmund.
Sigmund hits you with a +0 scythe!
You die...

#..............#
............##.###########
.########.#.##...........#
.#........#.##.#########.########
.#.########.##.# #...........@.
.# #.##.# #.###.####..## .#
#.##.#####.###.# #..# .#
#.##...@.....#.# #).#
.#.########...(.@....#.#.# #..#
.#........#.##..#####....# #..#
.########.#.##..##.........#####
...................#######.# ###
.........###)#####.# .# #..
.###########.# # # #.# .##
#.......# .. ..# #.####..# ...
#.# #.####..# ### ##


You could see Sigmund.

Vanquished Creatures
  2 adders (D:2)
  A dart slug (D:1)
  3 ball pythons (D:1)
  An endoplasm (D:2)
  4 goblins
  4 hobgoblins
  3 jackals (D:1)
  3 kobolds
  4 bats (D:1)
  3 frilled lizards
  A rat (D:1)
29 creatures vanquished.

Vanquished Creatures (others)
  3 fungi (D:2)
3 creatures vanquished.

Grand Total: 32 creatures vanquished

Notes
Turn   | Place    | Note
-------+----------+-------------------------------------------
     0 | D:1      | DemonSlayer the Demonspawn Earth Elementalist began the
                  | quest for the Orb.
     0 | D:1      | Reached XP level 1. HP: 13/13 MP: 3/3
    76 | D:1      | Reached skill level 3 in Earth Magic
   387 | D:1      | Discovered your monstrous ancestry.
   387 | D:1      | Gained mutation: You have a pair of small horns on your
                  | head. [demonic ancestry]
   387 | D:1      | Reached XP level 2. HP: 19/19 MP: 1/5
   944 | D:2      | Gained mutation: You have a pair of horns on your head.
                  | [demonic ancestry]
   944 | D:2      | Reached XP level 3. HP: 16/24 MP: 1/6
  1633 | D:2      | Noticed Sigmund
  1646 | D:2      | HP: 1/24 [Sigmund/magic dart (3)]
  1658 | D:2      | HP: 1/24 [Sigmund/puff of flame (1)]
  1679 | D:2      | Mangled by Sigmund

Illustrated notes

Levels and vault maps discovered:
D:1:      ncdulo_wetmaze, layout_rooms, ebering_ecumenical_altar_webs,
          minmay_misc_feat_more_columns
D:2:      layout_loops_ring, chequers_serial_rivers_micro_e,
          minmay_misc_feat_ornament, minivault_27, uniq_crazy_yiuf_cottage,
          uniq_sigmund

Skill      XL: |  1  2 |
---------------+-------+-----
Earth Magic    | 3 |  3.5
Stealth        | 2 |  2.0
Dodging        | 2 |  2.1
Fighting       | |  0.1
Spellcasting   | |  2.5
Transmutations | |  0.8

Action                   || total
-------------------------++-------
Melee: Unarmed           ||    30
 Cast: Sandblast         ||    55
  Use: Potion            ||     3
Armor: Robe              ||    30
Dodge: Dodged            ||    69
